 Dungeon Crawl Stone Soup version 0.28-a0-750-g7c675f85b1 (webtiles) character file.

Game seed: 2688745901459468041

1236 cheechan the Covert (level 8, -6/55 HPs)
             Began as an Octopode Delver on Oct 28, 2021.
             Was a Plaything of Xom.
             Killed by divine providence
             ... invoked by an orc priest
              (17 damage)
             ... on level 3 of the Dungeon on Oct 29, 2021.
             The game lasted 00:18:13 (4310 turns).

cheechan the Covert (Octopode Delver)               Turns: 4310, Time: 00:18:14

Health: -6/55      AC:  1    Str: 12    XL:     8   Next: 49%
Magic:  8/8        EV: 14    Int: 13    God:    Xom [..*...]
Gold:   204        SH:  0    Dex: 14    Spells: 4/7 levels left

rFire   . . .      SeeInvis .   g - +0 long sword (flame)
rCold   + . .      Faith    .   (no shield)
rNeg    + . .      Spirit   .   (helmet restricted)
rPois   .          Reflect  .   (no amulet)
rElec   .          Harm     .   j - ring of protection from cold
rCorr   .          Rampage  .   u - ring of flight
Will    .....                   v - ring of positive energy
Stlth   +++++.....              (no ring)
HPRegen 0.18/turn               (no ring)
MPRegen 0.11/turn               (no ring)
                                (no ring)
                                (no ring)

@: flying
A: almost no armour, amphibious, 8 rings, camouflage 1, gelatinous body 1,
(nimble swimmer 1), tentacles
a: Renounce Religion


You were on level 3 of the Dungeon.
You worshipped Xom.
You were a toy of Xom.
You visited 2 branches of the dungeon, and saw 6 of its levels.

You collected 204 gold pieces.

Inventory:

Hand Weapons
 a - a +0 spear
 g - a +0 long sword of flaming (weapon)
 i - a +0 morningstar
 m - a +0 shortbow
 o - a +0 hand axe
 p - a +0 flail
Missiles
 h - 31 poisoned darts (quivered)
 k - 71 sling bullets
 l - 16 bolts
 n - 99 stones
 t - 21 arrows
Jewellery
 j - a ring of protection from cold (left tentacle)
 u - a ring of flight (right tentacle)
 v - a ring of positive energy (on tentacle)
Wands
 f - a wand of digging (3)
Scrolls
 b - a scroll of fog
 c - 3 scrolls of magic mapping
 r - a scroll of teleportation
 s - a scroll of noise
 w - 2 scrolls of vulnerability {unknown}
Potions
 d - a potion of lignification
 e - a potion of haste
 q - a potion of resistance {unknown}


   Skills:
 + Level 5.3 Fighting
 + Level 1.8 Long Blades
 + Level 5.0 Polearms
 + Level 4.2 Bows
 + Level 3.2 Dodging
 + Level 9.7 Stealth
 + Level 0.4 Evocations


You had 4 spell levels left.
You knew the following spells:

 Your Spells              Type           Power      Damage    Failure   Level
a - Magic Dart            Conj           0%         1d3       30%         1
b - Searing Ray           Conj           0%         2d4       43%         2

Your spell library contained the following spells:

 Spells                   Type           Power      Damage    Failure   Level
 Fulminant Prism          Conj/Hex       0%         3d6       97%         4


Dungeon Overview and Level Annotations

Branches:
Dungeon (7/15)             Temple (1/1) D:4

Altars:
Cheibriados
Dithmenos
Elyvilon
Fedhas
Hepliaklqana
Makhleb
Nemelex Xobeh
Okawaru
Qazlal
Ru
Trog
Vehumet
Wu Jian
Xom
Yredelemnul
Zin
The Shining One


Innate Abilities, Weirdness & Mutations

You cannot wear most types of armour.
You are amphibious.
You can wear up to eight rings at the same time.
Your skin changes colour to match your surroundings (Stealth+).
Your rubbery body absorbs attacks. (AC +1, EV +1)
((You are camouflaged near water. (Stealth+)))
You have tentacles for arms and can constrict up to eight enemies at once.


Message History

The adder closely misses you.
You hit the adder but do no damage. You grab the adder.
You constrict the adder. The adder bites you.
You hit the adder but do no damage. You squeeze the adder!
You kill the adder!
The orc priest mumbles some strange prayers to Beogh against you.
Beogh smites you! The orc priest closely misses you.
You closely miss the orc. You grab the orc. You squeeze the orc.
The orc is almost dead.
You constrict the orc.
You kill the orc!
The orc priest hits you from afar with a +0 trident.
You closely miss the orc priest. Your grab misses the orc priest.
The orc priest hits you from afar with a +0 trident!
The orc priest hits you with a +0 short sword.
You barely miss the orc priest. You grab the orc priest.
You squeeze the orc priest, but do no damage.
You constrict the orc priest. Xom grants you insight.
You feel aware of your surroundings. The orc priest barely misses you. x2
The orc priest hits you from afar with a +0 trident!
You slash the orc priest! You burn the orc priest.
The orc priest is almost dead.
You constrict the orc priest. The orc priest closely misses you.
The orc priest miscasts a cantrip.
The orc priest misses you.
You hit the orc priest. You burn the orc priest.
You kill the orc priest!
The orc priest hits you from afar with a +0 trident!
* * * LOW HITPOINT WARNING * * *
The orc priest calls down the wrath of Beogh upon you.
You struggle to resist.
Things that are here:
a +0 short sword; a +0 short sword; an adder corpse You hit the orc priest.
You burn the orc priest. You grab the orc priest.
The orc priest is moderately wounded.
You constrict the orc priest.
The orc priest mumbles some strange prayers to Beogh against you.
Beogh smites you!
You die...

** ***,,,,.........#.# ,
, ,,**,, *#######....#
***,** ,##** ##.#.#####*
,** ,,..* #.#..<...,*
**.###. #..####**
,,...... ##...####*, *
*,......#####..#...... ,
*......o.........####,,*
***,*
.......@.).........,, ,,
,, ....<.#####.....###*
***, .....,** *#.....# *
,* ,,,,, ....,, ,
,....### * * **
*,*##.**** *###### ****
*,* # *, ,* * *,* *,* *
* ,* * ,* *,* *, *, *
,*,*


You could see an orc priest.

Vanquished Creatures
  A water moccasin (D:6)
  An ogre (D:5)
  A kobold brigand (D:6)
  A bullfrog (D:6)
  A scorpion (D:6)
  A water moccasin skeleton (D:5)
  A bullfrog zombie (D:6)
  A centaur zombie (D:5)
  2 jellies
  A bullfrog skeleton (D:6)
  7 hounds
  2 orc priests
  2 orc wizards (D:5)
  A hound zombie (D:5)
  2 hound skeletons (D:4)
  6 adders
  A shadow imp (D:6)
  The ghost of willcat the Skirmisher, a weakling OgDe (D:6)
  An adder zombie (D:5)
  An adder skeleton (D:4)
  A worm (D:4)
  10 orcs
  3 endoplasms
  A giant cockroach (D:3)
  A hobgoblin (D:4)
  2 jackals (D:5)
  A bat (D:3)
  A frilled lizard (D:3)
  2 goblins
  6 kobolds
63 creatures vanquished.

Vanquished Creatures (collateral kills)
  An orc warrior (D:5)
  An ogre (D:5)
2 creatures vanquished.

Vanquished Creatures (others)
  7 plants (D:5)
7 creatures vanquished.

Grand Total: 72 creatures vanquished

Notes
Turn   | Place    | Note
-------+----------+-------------------------------------------
     0 | D:5      | cheechan the Octopode Delver began the quest for the Orb.
     0 | D:5      | Reached XP level 1. HP: 16/16 MP: 1/1
    11 | D:5      | Noticed a hound
    18 | D:5      | Killed a hound
    19 | D:5      | Reached skill level 7 in Stealth
    19 | D:5      | Reached XP level 2. HP: 11/21 MP: 2/2
    19 | D:5      | Reached XP level 3. HP: 14/26 MP: 3/3
    35 | D:5      | Found a sparkling altar of Nemelex Xobeh.
   146 | D:5      | Reached XP level 4. HP: 29/31 MP: 4/4
   174 | D:5      | Reached skill level 8 in Stealth
   218 | D:5      | Noticed an orc warrior
   247 | D:5      | Noticed an ogre
   283 | D:5      | Reached XP level 5. HP: 15/37 MP: 5/5
   362 | D:5      | Noticed an ogre
   372 | D:5      | Found a basalt altar of Yredelemnul.
   376 | D:5      | Noticed a water moccasin
   787 | D:4      | Found a burning altar of Makhleb.
   812 | D:4      | Found a glowing golden altar of the Shining One.
   883 | D:4      | Reached XP level 6. HP: 43/43 MP: 6/6
  1188 | D:4      | Found a staircase to the Ecumenical Temple.
  1203 | Temple   | Entered the Ecumenical Temple
  1321 | Temple   | Became a worshipper of Xom of Enforced Whimsey
  1896 | D:4      | XOM: 1-stop teleportation journey
  2045 | D:5      | Reached skill level 9 in Stealth
  2087 | D:5      | Found a blossoming altar of Fedhas.
  2174 | D:5      | Reached skill level 1 in Bows
  2174 | D:5      | Reached XP level 7. HP: 19/49 MP: 7/7
  2387 | D:5      | XOM: enchant monster (bad)
  2525 | D:5      | XOM: cloud trail
  2790 | D:5      | Learned a level 1 spell: Magic Dart
  2793 | D:5      | Learned a level 2 spell: Searing Ray
  2997 | D:6      | Reached skill level 5 in Fighting
  2997 | D:6      | Reached XP level 8. HP: 14/55 MP: 8/8
  3151 | D:6      | XOM: scenery: summon butterflies
  3213 | D:6      | Found a glowing silver altar of Zin.
  3213 | D:6      | Found an iron altar of Okawaru.
  3213 | D:6      | Found a radiant altar of Vehumet.
  3227 | D:6      | Upgraded the game from 0.28-a0-730-g892d06dc2c to
                  | 0.28-a0-750-g7c675f85b1
  3286 | D:6      | Found a runed translucent gate.
  3288 | D:6      | Found a runed translucent gate.
  3288 | D:6      | Found a runed translucent gate.
  3340 | D:6      | Reached skill level 1 in Long Blades
  3496 | D:6      | Noticed willcat's ghost (weakling OgDe)
  3506 | D:6      | XOM: 1-stop teleportation journey
  3581 | D:6      | Killed willcat's ghost
  3724 | D:6      | XOM: silly message
  3871 | D:7      | Noticed a yak
  3875 | D:7      | Noticed a yak
  3883 | D:7      | Noticed a yak
  3894 | D:7      | XOM: silly message
  3895 | D:7      | XOM: potion effect (invisibility)
  3945 | D:4      | XOM: divination: detect creatures
  4148 | D:3      | Reached skill level 5 in Polearms
  4270 | D:3      | XOM: 1-stop teleportation journey
  4306 | D:3      | XOM: divination: magic mapping
  4310 | D:3      | Killed from afar by an orc priest

Illustrated notes

Levels and vault maps discovered:
D:3:      layout_loops_ring, chequers_jeans, chequers_serial_rivers_micro_c
D:4:      layout_basic, nicolae_tso_swordbearing_angel,
          overflow_temple_1_default, minmay_temple_entry_sparse_star
D:5:      layout_basic, nicolae_overflow_hidden_temple,
          mainiacjoe_overflow_alcove_2, overflow_temple_1_default,
          chequers_big_river, hex_medium
D:6:      layout_layer_cave, gammafunk_temple_overflow_claw,
          ebering_ghost_rock_garden, minmay_fractal_squares_gapless_5
D:7:      layout_gridville, uniq_duvessa
Temple:   compressed_dpeg_triangle_lava_temple

Skill      XL: |  1  2  3  4  5  6  7  8 |
---------------+-------------------------+-----
Stealth        | 7 8 9 |  9.7
Polearms       | 3 4 5 |  5.0
Fighting       | 4 5 |  5.3
Bows           | 1 3 4 |  4.2
Dodging        | 3 |  3.2
Long Blades    | 1 |  1.8
Evocations     | |  0.4

Action                   |  1- 3 |  4- 6 |  7- 9 || total
-------------------------+-------+-------+-------++-------
Melee: Spear             |    36 |    80 |    14 ||   130
       Tentacles         |     7 |    13 |    17 ||    37
       Constrict         |     5 |    15 |    21 ||    41
       Long sword        |       |       |    64 ||    64
 Fire: Shortbow          |       |    24 |     2 ||    26
Throw: Dart              |       |       |     2 ||     2
Evoke: Wand              |       |       |     6 ||     6
  Use: Scroll            |       |     7 |     1 ||     8
       Potion            |       |       |     3 ||     3
 Stab: Sleeping          |       |     8 |     6 ||    14
Armor: Skin              |       |     4 |     5 ||     9
Dodge: Dodged            |     2 |    40 |    73 ||   115

Table legend: (Time is in decaauts)
 A = Elapsed time spent in this place.
 B = Non-inter-level travel time spent in this place.
 C = Inter-level travel time spent in this place.
 D = Time resting spent in this place.
 E = Time spent auto-exploring this place.
 F = Levels seen in this place.
 G = Mean time per level.
                   A        B        C        D        E       F      G
               +--------+--------+--------+--------+--------+-----+--------+
         Total |   4331 |   4331 |      0 |   1278 |      0 |   6 |  721.8 |
       Dungeon |   4190 |   4190 |      0 |   1278 |      0 |   5 |  838.0 |
        Temple |    140 |    140 |      0 |      0 |      0 |   1 |  140.0 |
               +--------+--------+--------+--------+--------+-----+--------+

Top non-repeatable levels by time:
     D:5: 1378 daAuts
     D:4: 1218 daAuts
     D:6: 1189 daAuts
     D:3: 214 daAuts
     D:7: 190 daAuts
  Temple: 140 daAuts
